AoeStats
← chenya_ko

Arabia

509304778Analyzed
1v1 RM · 7d ago on Sep 26, 2026· 32m 23s· 2 players
Game mode
Random Map
Map size
Tiny (2 player)
Population
200
Speed
Normal
Resources
Standard
Victory
Conquest
Starting age
Dark Age
Ending age
Imperial Age
RankedLock teamsTeams togetherTeam positionsShared explorationLock speedFull tech treeHidden civsTurbo modeCheats
Victory
Defeat
🇦🇺 Poles · Australia
1037
+16
🇹🇼 Japanese · Taiwan
1046
-16
nathan.maloney222
9:56 Feudal Age
16:18 Horse Collar
17:50 Loom
26:06 Castle Age
24:23 Forging
24:19 Scale Barding Armor
25:32 Bloodlines
26:28 Fletching
26:11 Crossbowman
27:02 Light Cavalry
28:41 Thumb Ring
chenya_ko
1:56 Loom
11:00 Feudal Age
11:03 Man-at-Arms
16:22 Fletching
16:49 Double-Bit Axe
18:45 Padded Archer Armor
20:15 Wheelbarrow
25:08 Castle Age
23:27 Scale Mail Armor
24:06 Forging
24:27 Arson
24:51 Horse Collar
25:04 Gold Mining
25:13 Long Swordsman
25:38 Gambesons
25:54 Squires
26:54 Iron Casting
26:55 Chain Mail Armor
28:00 Bow Saw
28:53 Hand Cart
29:18 Pikeman
31:44 Elite Skirmisher
32:24 Town Watch
Connection lost

Rejoining the realm…

Still unreachable

The connection could not be restored.

Session expired

The server has moved on; the page needs a fresh start.